AoeStats
← Pol Pot·波尔布特

African Clearing

510324151Analyzed
4v4 RM · 3d ago on Sep 30, 2026· 50m 32s· 8 players
Game mode
Random Map
Map size
Large (8 player)
Population
200
Speed
Normal
Resources
Standard
Victory
Conquest
Starting age
Dark Age
Ending age
Imperial Age
RankedLock teamsTeams togetherTeam positionsShared explorationLock speedFull tech treeHidden civsTurbo modeCheats
Victory
Defeat
🇨🇳 Danes · China
1309
+15
🇨🇳 Franks · China
1299
+16
🇭🇰 Shu · Hong Kong SAR China
1298
+16
🇹🇼 Portuguese · Taiwan
1280
+17
🇸🇪 Turks · Sweden
1340
-18
🇫🇷 Malians · France
1329
-17
🇩🇪 Malay · Germany
1299
-16
🇸🇪 Franks · Sweden
1219
-13
DaniwA
9:22 Loom
11:59 Feudal Age
16:09 Castle Age
14:35 Double-Bit Axe
15:34 Horse Collar
37:55 Imperial Age
35:59 Bloodlines
35:49 Husbandry
36:22 Scale Barding Armor
36:28 Forging
36:27 Husbandry
37:37 Chain Barding Armor
37:32 Forging
Olli
6:23 Loom
14:11 Feudal Age
14:58 Double-Bit Axe
18:02 Fishing Lines
24:19 Castle Age
25:22 Gillnets
26:00 Squires
25:45 Arson
26:14 Gold Mining
27:12 Bow Saw
27:42 Forging
29:32 Iron Casting
41:43 Imperial Age
39:49 Wheelbarrow
38:59 Town Watch
42:11 Blast Furnace
41:01 Elite Karambit Warrior
41:57 Horse Collar
42:40 Conscription
45:00 Heavy Plow
46:00 Gold Shaft Mining
45:17 Stone Mining
48:52 Fletching
49:46 Onager
Maxmax
7:56 Loom
12:36 Feudal Age
12:41 Feudal Age
16:44 Castle Age
15:59 Double-Bit Axe
36:05 Fletching
46:11 Wheelbarrow
45:55 Horse Collar
46:54 Stone Mining
46:55 Gold Mining
47:33 Bow Saw
48:46 Hand Cart
Stockholm
13:12 Feudal Age
14:21 Double-Bit Axe
18:11 Scale Barding Armor
19:32 Forging
21:44 Stone Mining
22:54 Loom
25:27 Castle Age
24:00 Gold Mining
27:17 Husbandry
30:14 Gold Shaft Mining
31:29 Bow Saw
33:16 Wheelbarrow
33:21 Chain Barding Armor
33:36 Iron Casting
35:26 Hand Cart
39:03 Imperial Age
39:56 Cavalier
41:38 Blast Furnace
41:42 Plate Barding Armor
41:21 Fletching
43:31 Light Cavalry
46:39 Scale Mail Armor
48:53 Chain Mail Armor
{duress} Lendon
12:42 Feudal Age
13:36 Double-Bit Axe
16:13 Fletching
17:25 Padded Archer Armor
17:59 Loom
23:40 Castle Age
23:49 Crossbowman
24:34 Thumb Ring
25:09 Bodkin Arrow
25:39 Leather Archer Armor
27:04 Ballistics
28:05 Wheelbarrow
27:32 Gold Mining
35:01 Imperial Age
32:22 Town Watch
33:08 Horse Collar
35:20 Arbalester
36:01 Bracer
39:24 Ring Archer Armor
44:05 Chemistry
43:48 Hand Cart
43:34 Town Patrol
羊了个羊
12:20 Loom
14:05 Feudal Age
19:22 Castle Age
23:37 Double-Bit Axe
28:33 Scale Barding Armor
33:12 Forging
34:27 Chain Barding Armor
36:47 Bow Saw
42:37 Imperial Age
40:42 Husbandry
41:19 Iron Casting
41:47 Wheelbarrow
41:08 Gold Mining
43:00 Cavalier
44:17 Plate Barding Armor
44:43 Blast Furnace
43:59 Scale Mail Armor
43:21 Pikeman
44:02 Squires
46:20 Chain Mail Armor
45:36 Halberdier
47:22 Conscription
47:40 Gold Shaft Mining
47:30 Hand Cart
alex1993327
3:35 Loom
14:54 Feudal Age
20:25 Castle Age
19:48 Stone Mining
19:45 Double-Bit Axe
27:08 Imperial Age
25:21 Bow Saw
26:58 Gold Mining
33:19 Elite Organ Gun
35:18 Wheelbarrow
36:22 Coinage
36:55 Hand Cart
37:28 Banking
40:17 Siege Engineers
41:56 Chemistry
42:53 Two-Man Saw
42:24 Masonry
48:30 Murder Holes
49:06 Architecture
Pol Pot·波尔布特
5:01 Loom
14:49 Feudal Age
15:45 Double-Bit Axe
19:30 Castle Age
21:07 Wheelbarrow
26:14 Horse Collar
31:28 Fletching
32:32 Stone Mining
33:10 Scale Mail Armor
34:15 Chain Mail Armor
33:55 Arson
34:11 Squires
43:46 Stone Shaft Mining
45:24 Forging
45:24 Bodkin Arrow
49:49 Imperial Age
47:36 Hand Cart
47:07 Hamask
47:58 Heavy Plow
48:13 Bow Saw
50:00 Iron Casting
51:05 Conscription
50:09 Elite Jomsviking
51:22 Plate Mail Armor
51:53 Blast Furnace
Connection lost

Rejoining the realm…

Still unreachable

The connection could not be restored.

Session expired

The server has moved on; the page needs a fresh start.